Cogmind - Beta 16.1 @@@ ROGUE MODE // 2026.02.18 @ 16:25:47 Player: MrWaffler Result: Destroyed by S-10 Pest with Light Assault Rifle Performance ------------- Evolutions (2) 1000 Regions Visited (6) 1200 Robots Destroyed (83) 415 Value Destroyed (2310) 2310 Prototype IDs (4) 80 Alien Tech Used (0) 0 Bonus (811) 811 TOTAL SCORE: 5816 Bonus ------- High Alert Combat Kills 74 Follower Combat Kills 37 Entered Garrisons 200 Used RIF Installer 500 Cogmind --------- Core Integrity 0/550 Matter 300/300 Energy 95/100 System Corruption 5% Temperature Cool (0) Movement Core (150) Ox2 Location -8/Storage Parts ------- > --- POWER (1) -------- (None) > --- PROPULSION (4) --- Improved VTOL Module Improved VTOL Module Improved VTOL Module Improved VTOL Module > --- UTILITY (3) ------ Visual Processing Unit > --- WEAPON (3) ------- Advanced EMP Blaster Katana > --- INVENTORY (5) ---- Improved VTOL Module Improved VTOL Module Advanced EMP Blaster Katana Peak State ------------ > --- POWER ------------ Deuterium Engine > --- PROPULSION ------- Cooled Airjet Cooled Airjet Cooled Airjet Cooled Airjet > --- UTILITY ---------- Small Storage Unit Visual Processing Unit Hacking Suite > --- WEAPON ----------- Heavy Particle Cannon Advanced EMP Blaster Heavy Hammer > --- INVENTORY -------- Cooled Ion Engine Cooled Ion Engine Aluminum Leg Aluminum Leg Improved Aluminum Leg Visual Processing Unit Visual Processing Unit Rocket Launcher [Rating: 39] Favorites ----------- Power Cooled Ion Engine Engine Cooled Ion Engine Power Core Light Nuclear Core Propulsion Aluminum Leg Treads Armored Treads Leg Aluminum Leg Hover Unit Cooled Airjet Flight Unit Flight Unit Utility Visual Processing Unit Device Heat Sink Storage Small Storage Unit Processor Visual Processing Unit Hackware Hacking Suite Protection Core Shielding Weapon Light Assault Rifle Energy Gun Small Laser Energy Cannon Heavy Particle Cannon Ballistic Gun Light Assault Rifle Ballistic Cannon Improved Light Cannon Launcher Improved Grenade Launcher Impact Weapon Heavy Hammer Slashing Weapon Katana Build | -11 -10 -9 -8 -8 -8 -8 ------- Run | Yrd Mat Mat Mat Gar Mat Sto Slots Evolved 4 | . . 2 2 . . . Power . | . . . . . . . Propulsion 2 | . . 1 1 . . . Utility 1 | . . 1 . . . . Weapon 1 | . . . 1 . . . Parts Attached 82 | 7 3 19 17 6 11 19 Power 7 | 1 1 . 1 1 1 2 Engine 5 | 1 1 . 1 1 . 1 Core 2 | . . . . . 1 1 Reactor . | . . . . . . . Propulsion 28 | 2 . 9 5 3 3 6 Treads 1 | . . . . . 1 . Leg 16 | 2 . 9 1 . 2 2 Wheel . | . . . . . . . Hover 4 | . . . 4 . . . Flight 7 | . . . . 3 . 4 Utility 20 | 1 2 4 3 2 2 6 Device 7 | . 1 . 1 . 1 4 Storage 4 | 1 . . 1 . 1 1 Processor 7 | . 1 4 . 1 . 1 Hackware 1 | . . . 1 . . . Protection 1 | . . . . 1 . . Artifact . | . . . . . . . Weapon 27 | 3 . 6 8 . 5 5 Energy Gun 5 | 1 . 4 . . . . Energy Cannon 2 | . . . 1 . . 1 Ballistic Gun 4 | 2 . . 2 . . . Ballistic Cannon 3 | . . 1 . . . 2 Launcher 5 | . . . 3 . . 2 Special Weapon . | . . . . . . . Impact Weapon 3 | . . 1 2 . . . Slashing Weapon 5 | . . . . . 5 . Piercing Weapon . | . . . . . . . Special Melee Weapon . | . . . . . . . Unidentified Prototypes 4 | . 1 . 2 . . 1 Parts Lost 38 | . . 12 . 14 3 9 Power 4 | . . . . 2 . 2 Propulsion 18 | . . 9 . 8 . 1 Utility 6 | . . 1 . 2 . 3 Weapon 10 | . . 2 . 2 3 3 Highest Loss Streak 6 | . . 6 . 5 2 3 To Critical Strikes . | . . . . . . . Average Backups 6 | 1 4 7 7 7 4 6 Power 1 | . 1 2 1 1 1 . Propulsion 2 | 1 2 2 2 2 . 2 Utility 1 | . . 1 2 3 2 . Weapon 1 | . . 1 . . 1 2 Tool/Special . | . . . . . . . Unused Backups 24 | . 4 4 4 1 . 11 Power 4 | . 2 . 2 . . . Propulsion 10 | . 2 1 . . . 7 Utility 6 | . . 2 2 1 . 1 Weapon 4 | . . 1 . . . 3 Tool/Special . | . . . . . . . Average Slot Usage (%) 92 | . 98 97 94 85 84 91 Engine 7 | . 14 11 9 7 . . Core 1 | . . . . . 6 6 Treads 1 | . . . . . 8 3 Leg 19 | . 28 31 3 9 10 17 Hover 5 | . . . 29 13 . . Flight 3 | . . . . 4 9 12 Device 3 | . 11 . 5 . 2 2 Storage 9 | . 14 11 9 7 5 6 Processor 12 | . 1 21 11 10 9 11 Protection 3 | . . . . 7 9 4 Energy Gun 1 | . . 5 . . . . Ballistic Gun 6 | . 28 3 5 6 . . Ballistic Cannon 2 | . . 5 1 . . 5 Launcher 1 | . . . 7 3 . 2 Impact Weapon 6 | . . 6 9 14 8 . Slashing Weapon 3 | . . . . . 14 13 Peak Build Rating 39 | 6 10 17 39 39 29 39 Average Rating 20 | 4 7 14 34 24 22 28 On Entrance 15 | . 6 10 15 39 9 26 Avg Prop Armor Cover (%) 14 | . . . . . 14 15 Naked Turns . | . . . . . . . Heaviest Build 43 | 12 16 20 43 43 19 31 Greatest Support 57 | 20 20 33 48 48 30 57 Greatest Overweight (x) 5 | 3 1 1 2 4 1 5 Average Overweight (x) . | . . . . . . . Largest Inventory Capacity 15 | 8 8 8 15 15 8 10 Average Capacity 8 | 7 8 8 8 12 6 7 Most Carried 10 | 3 8 8 8 10 5 10 Average Carried 6 | 1 4 7 7 7 4 6 Final Capacity 15 | 8 8 8 15 5 8 5 Final Carried 8 | 3 6 7 8 4 4 4 Class Distribution -------------------- 62% | Mutant 32% | Scavenger-Mutant Dominant Class ---------------- Mutant | -10/Materials Mutant | -9/Materials Mutant | -8/Materials Mutant | -8/Garrison Scavenger-Mutant | -8/Materials Scavenger-Mutant | -8/Storage Resources | -11 -10 -9 -8 -8 -8 -8 ----------- Run | Yrd Mat Mat Mat Gar Mat Sto Matter Collected 1544 | 241 63 349 162 186 108 435 Remotely . | . . . . . . . Salvage Created 2704 | . 213 666 267 434 226 898 Parts 121 | . 15 40 13 15 3 35 Haulers Intercepted 4 | . . 1 1 . . 2 Recyclers Shooed 5 | . . . . . 1 4 Parts Field Recycled . | . . . . . . . Retrieved Matter . | . . . . . . . Parts Self-Destructed . | . . . . . . . Prevented . | . . . . . . . Parts Restored . | . . . . . . . Kills | -11 -10 -9 -8 -8 -8 -8 ------- Run | Yrd Mat Mat Mat Gar Mat Sto Combat Hostiles Destroyed 68 | . 6 19 4 21 1 17 Melee 19 | . . 2 . 10 1 6 Guns 17 | . 6 8 2 1 . . Cannons 14 | . . 3 . . . 11 AOE 5 | . . . . 5 . . Classes Destroyed 9 | . 3 4 1 . 1 . Worker 4 | . . 1 1 . . 2 Hauler 4 | . . 1 1 . . 2 Recycler 6 | . . . . . 3 3 Watcher 1 | . 1 . . . . . Swarmer 22 | . 3 6 . 10 . 3 Grunt 29 | . 3 9 2 6 1 8 Duelist 4 | . . 1 . 3 . . Sentry 11 | . . 3 1 1 . 6 Hunter 2 | . . . 1 1 . . Best Kill Streak 12 | . 3 3 3 12 4 10 Combat Bots Only 12 | . 3 3 2 12 1 5 Max Kills in Single Turn 4 | . 1 1 1 4 1 2 Gunslinging . | . . . . . . . Exploded 4 | . . . . 4 . . Melee 2 | . . 1 . 2 1 1 Uniques/NPCs Destroyed . | . . . . . . . Combat | -11 -10 -9 -8 -8 -8 -8 -------- Run | Yrd Mat Mat Mat Gar Mat Sto Hostile Shots Fired 427 | . 22 117 37 124 4 123 Missed 114 | . 7 26 13 37 1 30 Hits 313 | . 15 91 24 87 3 93 Melee 16 | . . 16 . . . . Projectile 297 | . 15 75 24 87 3 93 Critical Strikes 19 | . . 4 3 5 1 6 Actively Blocked 2 | . . . . 2 . . Damage Taken 4882 | . 148 1633 374 998 439 1290 Core 907 | . 29 320 106 195 . 257 Absorbed by Shields . | . . . . . . . Redirected to Shielding 40 | . . . . 34 . 6 Core Remaining (%) 69 | 100 88 20 . . . . Volleys Fired 158 | . 21 57 28 5 . 47 Largest 2 | . 2 2 1 1 . 2 Hottest 112 | . 40 80 75 36 . 112 Shots Fired 223 | . 42 78 28 5 . 70 Gun 121 | . 42 58 19 2 . . Cannon 99 | . . 20 9 . . 70 Launcher 3 | . . . . 3 . . Special . | . . . . . . . Kinetic 154 | . 42 49 19 2 . 42 Thermal 66 | . . 29 9 . . 28 Explosive 3 | . . . . 3 . . Electromagnetic . | . . . . . . . Robot Hit Streak 12 | . 7 9 5 5 . 12 Robot Miss Streak 9 | . 3 3 6 . . 9 Penetration Max . | . . . . . . . Secondary Targets 2 | . 1 1 . . . . Max Gunslinging Chain 1 | . 1 1 . . . . Shots Hit Robots 233 | . 27 72 19 40 6 69 Core Hits 125 | . 12 24 8 17 3 61 Critical Kills 1 | . . . 1 . . . Critical Parts Destroyed 10 | . . 3 2 5 . . Critical Strikes 15 | . . 5 3 5 . 2 Burn 1 | . . 1 . . . . Blast 3 | . . 1 . . . 2 Smash 11 | . . 3 3 5 . . Melee Attacks 156 | . . 41 15 59 12 29 Impact 123 | . . 41 15 59 8 . Slashing 33 | . . . . . 4 29 Piercing . | . . . . . . . Sneak Attacks 6 | . . . 1 . 3 2 Combat Hostiles . | . . . . . . . Follow-up Attacks 6 | . . . . 5 1 . Damage Inflicted 6319 | . 225 1335 471 2041 446 1801 Guns 824 | . 225 436 124 39 . . Cannons 1736 | . . 248 175 . . 1313 Explosions 597 | . . . . 597 . . Melee 3162 | . . 651 172 1405 446 488 Ramming . | . . . . . . . Kinetic 1588 | . 225 412 124 39 . 788 Thermal 972 | . . 272 175 . . 525 Explosive 597 | . . . . 597 . . Electromagnetic . | . . . . . . . Impact 2642 | . . 651 172 1405 414 . Slashing 520 | . . . . . 32 488 Piercing . | . . . . . . . Highest Corruption 5 | . . 5 . . 5 5 Average Corruption 5 | . . 5 . . 5 5 Corruption Purged . | . . . . . . . Corruption Blocked . | . . . . . . . Effects 33 | . . 12 . . 4 17 Message Errors 9 | . . 1 . . 2 6 Matter Fused 6 | . . 3 . . 1 2 Heat Flow Errors 6 | . . 2 . . . 4 Energy Discharges 3 | . . 3 . . . . Data Loss (minor) 3 | . . 1 . . 1 1 Data Loss (major) 2 | . . 1 . . . 1 Misfires 2 | . . 1 . . . 1 Weapon Failures 2 | . . . . . . 2 Overload Shots . | . . . . . . . Overflow Damage 856 | . . 241 67 329 176 43 Projectiles . | . . . . . . . Explosions 16 | . . . . 16 . . Melee 840 | . . 241 67 313 176 43 Knockbacks 32 | . . 4 1 3 1 23 Impact 6 | . . 1 1 3 1 . Kinetic 24 | . . 2 . . . 22 Secondary 2 | . . 1 . . . 1 Self-Inflicted Damage 9 | . . . . 9 . . Shots 1 | . . . . 1 . . Rammed . | . . . . . . . Targets Rammed . | . . . . . . . Kicked . | . . . . . . . Crushed . | . . . . . . . Highest Temperature 272 | . . 235 256 5 5 272 Average Temperature 76 | . . 35 109 4 5 86 Received Heat Transfer 1497 | . 48 270 180 243 45 711 Effects 1 | . . . . . . 1 Energy Bleed 1 | . . . . . . 1 Siege Activations . | . . . . . . . Martial Activations . | . . . . . . . Shielding Activations . | . . . . . . . Robots Disrupted . | . . . . . . . Combat Hostiles . | . . . . . . . Robots Corrupted 13 | . . 6 2 5 . . Combat Hostiles 13 | . . 6 2 5 . . Parts Fried 18 | . . 5 . 9 4 . Impact Corruptions 37 | . . 13 3 15 6 . Robots Melted . | . . . . . . . Combat Hostiles . | . . . . . . . Parts Melted 1 | . . . . . 1 . Heat Transferred 1757 | . . 721 259 . . 777 Parts Sabotaged . | . . . . . . . Parts Stolen . | . . . . . . . Parts Stripped . | . . . . . . . Power Chain Reactions . | . . . . . . . Alert | -11 -10 -9 -8 -8 -8 -8 ------- Run | Yrd Mat Mat Mat Gar Mat Sto Maximum Alert Level 2 | . . . . 2 1 . Low Security (%) 78 | 100 100 100 100 11 32 100 Level 1 9 | . . . . 18 67 . Level 2 11 | . . . . 70 . . Level 3 . | . . . . . . . Level 4 . | . . . . . . . Level 5 . | . . . . . . . High Security . | . . . . . . . Max Security . | . . . . . . . Peak Influence 565 | . 98 165 76 565 274 159 Initial 274 | . . 20 61 41 274 48 Average 126 | . 23 57 20 432 212 67 Influence Increases 2076 | . 151 522 170 664 70 499 Destroy 0b10 Robot/C 1380 | . 120 380 80 420 40 340 Destroy 0b10 Robot/NC 75 | . 5 10 10 . 15 35 Destroy Leader 270 | . 22 92 22 30 10 94 Allied During Kill 6 | . . . . . 3 3 Successful Hack 29 | . 4 . 4 21 . . Disable Machine 15 | . . . . . . 15 Anti-Garrison Action 50 | . . . . 50 . . Destroy Structure 101 | . . 10 9 68 2 12 Partial Spotted 15 | . . . 15 . . . Lose Combat Pursuer 135 | . . 30 30 75 . . Influence Decreases 1925 | . 102 426 251 163 521 462 Entered New Map 493 | . . 29 84 23 291 66 Time Decay 1036 | . 102 311 167 . 180 276 Lost Part 346 | . . 86 . 140 30 90 Lost Ally 50 | . . . . . 20 30 Squads Dispatched 8 | . 1 3 1 . . 3 Investigation 1 | . . 1 . . . . Extermination . | . . . . . . . Reinforcement 5 | . 1 2 1 . . 1 Assault . | . . . . . . . Garrison 2 | . . . . . . 2 Intercept . | . . . . . . . Searches Triggered . | . . . . . . . Construction Impeded . | . . . . . . . Haulers Reinforced . | . . . . . . . Active Scanning Responses . | . . . . . . . Cargo Convoy Interrupts . | . . . . . . . Stealth | -11 -10 -9 -8 -8 -8 -8 --------- Run | Yrd Mat Mat Mat Gar Mat Sto Distress Signals 14 | . 3 1 5 . . 5 Communications Jammed . | . . . . . . . Distress Signals . | . . . . . . . Times Spotted 117 | . 11 30 16 28 7 25 Peak Tracking Total 11 | . 3 5 6 11 3 6 Tactical Retreats 5 | . . 2 1 2 . . Traps | -11 -10 -9 -8 -8 -8 -8 ------- Run | Yrd Mat Mat Mat Gar Mat Sto Traps Triggered 6 | . 1 . 1 3 . 1 Indirectly . | . . . . . . . Trap Hack Attempts . | . . . . . . . Triggered . | . . . . . . . Disarmed . | . . . . . . . Reprogrammed . | . . . . . . . Reused . | . . . . . . . Traps Extracted . | . . . . . . . Installed . | . . . . . . . Triggered . | . . . . . . . Machines | -11 -10 -9 -8 -8 -8 -8 ---------- Run | Yrd Mat Mat Mat Gar Mat Sto Machines Disabled 1 | . . . . . . 1 Max in Single Turn 1 | . . . . . . 1 Machines Repaired . | . . . . . . . Machines Dismantled . | . . . . . . . Machines Sabotaged . | . . . . . . . Overloaded Fab Kills . | . . . . . . . Hacking | -11 -10 -9 -8 -8 -8 -8 --------- Run | Yrd Mat Mat Mat Gar Mat Sto Machines Accessed 12 | . 2 3 3 2 1 1 Terminals 10 | . 2 3 1 2 1 1 Fabricators . | . . . . . . . Repair Stations . | . . . . . . . Recycling Units 1 | . . . 1 . . . Scanalyzers . | . . . . . . . Garrison Access 1 | . . . 1 . . . Total Hacks 21 | . 4 6 5 4 1 1 Successful 12 | . 2 3 3 2 1 1 Failed 9 | . 2 3 2 2 . . Catastrophic 1 | . . . . 1 . . Database Lockouts . | . . . . . . . Manual . | . . . . . . . Terminals 17 | . 4 6 1 4 1 1 Fabricators . | . . . . . . . Repair Stations . | . . . . . . . Recycling Units 2 | . . . 2 . . . Scanalyzers . | . . . . . . . Garrison Access 2 | . . . 2 . . . Terminal Hacks 9 | . 2 3 . 2 1 1 Record 2 | . . 1 . . 1 . Robot Analysis 1 | . 1 . . . . . Open Door 2 | . . . . 1 . 1 Emergency Access Points 1 | . . . . 1 . . Locate Traps 1 | . 1 . . . . . Recall Reinforcements 1 | . . 1 . . . . Hauler Manifests 1 | . . 1 . . . . Fabricator Hacks . | . . . . . . . Repair Station Hacks . | . . . . . . . Recycling Unit Hacks 2 | . . . 2 . . . Report Inventory 1 | . . . 1 . . . Retrieve Matter 1 | . . . 1 . . . Scanalyzer . | . . . . . . . Garrison Access Hacks 1 | . . . 1 . . . Unlock Access 1 | . . . 1 . . . Unauthorized Hacks . | . . . . . . . Terminals . | . . . . . . . Fabricators . | . . . . . . . Repair Stations . | . . . . . . . Recycling Units . | . . . . . . . Scanalyzers . | . . . . . . . Garrison Access . | . . . . . . . Data Cores Recovered . | . . . . . . . Used . | . . . . . . . Hacking Detections 6 | . 1 1 1 2 1 . Full Trace Events 2 | . . 1 . 1 . . Feedback Events . | . . . . . . . Feedback Blocked . | . . . . . . . Robot Schematics Acquired . | . . . . . . . Robots Built . | . . . . . . . Authchips . | . . . . . . . Time . | . . . . . . . Total Robot Build Rating . | . . . . . . . Part Schematics Acquired . | . . . . . . . Parts Built . | . . . . . . . Authchips . | . . . . . . . Time . | . . . . . . . Total Part Build Rating . | . . . . . . . Part Studies Acquired . | . . . . . . . Parts Repaired . | . . . . . . . Time . | . . . . . . . Parts Recycled . | . . . . . . . Recycled Matter . | . . . . . . . Retrieved Matter . | . . . . . . . Retrieved Components . | . . . . . . . Parts Scanalyzed . | . . . . . . . Part Schematics Acquired . | . . . . . . . Parts Damaged . | . . . . . . . Bothacking | -11 -10 -9 -8 -8 -8 -8 ------------ Run | Yrd Mat Mat Mat Gar Mat Sto Used RIF Installer 1 | . . . . 1 . . Robots Hacked . | . . . . . . . Non-combat . | . . . . . . . Combat . | . . . . . . . Robot Hacks Applied . | . . . . . . . Relay Couplers Released . | . . . . . . . Fabnet Peak Effective % . | . . . . . . . Robots Rewired 2 | . . . . 2 . . Allies Hacked . | . . . . . . . Hacks Repelled . | . . . . . . . Allies | -11 -10 -9 -8 -8 -8 -8 -------- Run | Yrd Mat Mat Mat Gar Mat Sto Total Allies 2 | . . . . 2 . . Largest Group 2 | . . . . 2 2 1 Highest-Rated Group 51 | . . . . 51 51 20 Highest-Rated Ally 31 | . . . . 31 31 20 Total Orders . | . . . . . . . Ally Attacks 12 | . . . . . 9 3 Total Damage 261 | . . . . . 157 104 Kills 1 | . . . . . 1 . Allies Corrupted . | . . . . . . . Allies Melted . | . . . . . . . Intel | -11 -10 -9 -8 -8 -8 -8 ------- Run | Yrd Mat Mat Mat Gar Mat Sto Active Infowar (turns) 2627 | . . 568 425 638 371 625 Optics 2627 | . . 568 425 638 371 625 Traps 47 | . . . . . . 47 Robot Analysis Total 1 | . 1 . . . . . Derelict Logs Recovered . | . . . . . . . Drone Launches 4 | . . . . . . 4 Drone Recoveries 3 | . . . . . . 3 Exploration | -11 -10 -9 -8 -8 -8 -8 ------------- Run | Yrd Mat Mat Mat Gar Mat Sto Turns Passed 3821 | 84 562 1116 425 638 371 625 Spaces Moved 2347 | 50 252 468 628 388 249 312 Core 24 | 22 . . . . . 2 Treads 51 | . . . . . 51 . Legs 1306 | 28 252 468 46 98 175 239 Wheels . | . . . . . . . Hover 789 | . . . 582 207 . . Flight 177 | . . . . 83 23 71 Fastest Speed 22 | 50 120 120 22 22 120 26 Average Speed 97 | 138 120 120 44 110 130 105 Slowest Speed 415 | 200 190 190 200 290 170 415 Overloaded Moves 113 | . . . 51 62 . . Propulsion Burnouts . | . . . . . . . Robots Hopped 2 | . . . . . . 2 Potential Cave-ins 8 | . . 5 3 . . . Cave-ins Triggered 2 | . . 1 . . 1 . Exploration Rate (%) 36 | 3 41 37 53 51 17 54 Regions Visited 6 Branch Regions 1 Pre-discovered Areas . | . . . . . . . Known Exits Taken 2 | . 1 . 1 . . . Unknown Exits Taken 3 | 1 . 1 . . 1 . Scrap Searched . | . . . . . . . Spaces Dug 37 | . . 17 10 2 4 4 Terrain Destroyed 81 | . . 17 12 37 4 11 Melee 37 | . . 17 10 2 4 4 Projectile 9 | . . . 2 . . 7 AOE 35 | . . . . 35 . . Terrain Rammed . | . . . . . . . Walls Destroyed . | . . . . . . . Machines Disabled . | . . . . . . . Actions | -11 -10 -9 -8 -8 -8 -8 --------- Run | Yrd Mat Mat Mat Gar Mat Sto Total 3388 | 62 476 877 716 488 275 494 Wait 532 | . 187 271 7 12 . 55 Move 2336 | 49 251 467 627 386 248 308 Hop 2 | . . . . . . 2 Pick Up 59 | 4 7 14 8 6 6 14 Fast Attach 30 | 6 4 6 6 1 4 3 Attach 33 | 1 . 10 3 9 6 4 Detach 2 | 1 . . 1 . . . Swap 29 | . 2 4 9 . 1 13 Drop 41 | 1 4 7 12 2 1 14 Fire 158 | . 21 57 28 5 . 47 Melee 145 | . . 41 15 52 9 28 Ram . | . . . . . . . Kick . | . . . . . . . Crush . | . . . . . . . Escape Stasis 15 | . . . . 10 . 5 Rewire 5 | . . . . 5 . . Trap . | . . . . . . . Miscellaneous 1 | . . . . . . 1 Route ------- -11/Scrapyard -10/Materials -9/Materials -8/Materials (discovered 2 exits: [*Fac] / Gar) -8/Garrison -8/Materials (discovered 2 exits: [*Fac] / *Sto) -8/Storage History --------- Turn | Location | Event 19 | -11/Scrapyard | Discovered new exit (range 16) 85 | -11/Scrapyard | Entered Materials 312 | -10/Materials | Build established: Mutant 593 | -10/Materials | Discovered new exit (range 3) 635 | -10/Materials | Identified exit to Materials 647 | -10/Materials | Entered another Materials area 647 | -9/Materials | Evolved 2 slots: Propulsion x1, Utility x1 862 | -9/Materials | Lost 6 parts (4n2w) 1101 | -9/Materials | Build established: Scavenger-Mutant 1347 | -9/Materials | Crushed by falling debris 1378 | -9/Materials | Lost 3 parts (2n1u) 1380 | -9/Materials | Core integrity fell below 50% 1477 | -9/Materials | Build established: Mutant 1758 | -9/Materials | Discovered new exit (range 4) 1763 | -9/Materials | Entered another Materials area 1763 | -8/Materials | Evolved 2 slots: Propulsion x1, Weapon x1 2182 | -8/Materials | Discovered new exit (range 7) 2187 | -8/Materials | Identified exit to Garrison 2188 | -8/Materials | Entered Garrison 2212 | -8/Garrison | Triggered checkpoint 2220 | -8/Garrison | Triggered checkpoint 2223 | -8/Garrison | Installed Relay Interface Framework 2270 | -8/Garrison | Triggered checkpoint 2295 | -8/Garrison | Destroyed 12 combat bots 2465 | -8/Garrison | Lost 5 parts (4n1w) 2538 | -8/Garrison | Triggered checkpoint 2739 | -8/Garrison | Discovered new exit (range 8) 2776 | -8/Garrison | Core integrity fell below 50% 2806 | -8/Garrison | Lost 4 parts (1p2n1u) 2826 | -8/Garrison | Entered Materials 2826 | -8/Materials | Accompanied by 2 allies 3012 | -8/Materials | Discovered new exit (range 18) 3076 | -8/Materials | Crushed by falling debris 3180 | -8/Materials | Discovered new exit (range 18) 3197 | -8/Materials | Entered Storage 3197 | -8/Storage | Accompanied by 1 ally 3277 | -8/Storage | Build established: Scavenger-Mutant 3696 | -8/Storage | Garrison activated, responded to threat 3748 | -8/Storage | Core integrity fell below 20% 3822 | -8/Storage | Destroyed by S-10 Pest with Light Assault Rifle Last Messages --------------- 03794_ K-01 Serf collects debris. 03796_ R-06 Scavenger collects Particle Gun. 03796_ U-05 Engineer builds a Wall. 03796_ K-01 Serf collects debris. 03796_ Hvy. Particle Cannon destroyed. 03797_ R-06 Scavenger collects Trap Scanner. 03799_ G-47 Trooper destroyed. 03799_ K-01 Serf collects debris. 03801_ R-06 Scavenger collects Drone Bay. 03801_ Sneak attack on K-01 Serf. 03801_ K-01 Serf destroyed. 03803_ R-06 Scavenger collects Lgt. Ion Engine. 03804_ K-01 Serf collects debris. 03805_ Sneak attack on R-06 Scavenger. 03805_ Destroyed Com. Wheel. 03805_ Destroyed Tractor Beam. 03807_ R-06 Scavenger sends out distress signal. 03807_ K-01 Serf collects debris. 03810_ K-01 Serf sends out distress signal. 03812_ S-10 Pest destroyed. Map ----- +----------------------------------------------------+ | ?????????????????????????????????????????????????? | | ?????????????????????????????????????????????????? | | ?????????????????????????????????????????????????? | | ?????????????????????????????????????????????????? | | ?????????????????????????????????????????????????? | | ?????????????????????????????????????????????????? | | ?????????????????????????????????????????????????? | | ?????????????????????????????????????????????????? | | ?????????????????????????????????????????????????? | | ?????????????????????????????????????????????????? | | ?????????????????????????????????????????????????? | | ?????????????????????????????????????????????????? | | ?????????????????????????????????????????????????? | | ?????????????????????????????????????????????????? | | ?????????????????????????????????????????????????? | | ?????????????????????????????????????????????????? | | ?????????????????????????????????????????????????? | | ?????????????????????????????????????????????????? | | ?????????????????????????????????????????????????? | | ?????????????????????????????????????????????????? | | ?????????????????????????????????????????????????? | | ?????????????????????????????????????????????????? | | ????????????????????????########?????????????????? | | ???????????????????????##T# !#?????????????????? | | ??????????????????????## !% #?????????????????? | | ??????????????#???????##%@#!!!!#?????????????????? | | ????????#?????? ??????#s%######?????????????????? | | ???????# ####+######s#########???????????????? | | ???????# s% #???????????????? | | ???????/ ^ #??##???????????? | | ???????# o % #?## #####??????? | | ???????# ###########+##"######?# #??????? | | ????????#?????????????# [= [ #??# """ #??????? | | ??????????????????????# #??# """ #??????? | | ??????????????????????#% #??# """ #??????? | | ??????????????????????# #??# #??????? | | ??????????????????????# #???? ????#### | | ??????????????????????# #??#+##+####### | | ??????????????????????# #??# % % + | | ??????????????????????# #??# ####### | | ??????????????????????#####+######## ####### | | ??????????????????????????# # !!# | | ??????????????????????????########## # !# | | ??????????????????????????########## # =]# % | | ??????????????????????????# / + # | | ??????????????????????????# """# # = !#### | | ?????###########+########## """# ########## | | ????# ^ / """# ! | | ????# ?? ###### / ==! | | ????# ??? """ # # """# ]= | +----------------------------------------------------+ Best States ------------- Heat Dissipation 35 Energy Generation 14 Energy Capacity 280 Matter Stores 300 Matter Capacity 300 Sight Range 18 Terrain Scan Density 10 Core Shielding 20 Evasion (%) 68 Melee Accuracy 5 Recoil Reduction 1 Particle Charging 15 Offensive Hacking 10 Item Schematics ----------------- None Robot Schematics ------------------ None Fabricated ------------ Nothing Repaired ---------- Nothing Studied --------- None Alien Tech Used ----------------- None Achievements -------------- A New Friend Ambidextrous Can't Catch Me Part-time Excavator Spot Them First Whoosh! Challenges ------------ None Game ------ Seed SuperdenseIntegratedArmor Manual? 0 Play Time 01:40:20 Cumulative 10.4 hours Start 2026.02.17 @ 21:15:00 End 2026.02.18 @ 16:25:47 Sessions 5 Manual Loads 0 Difficulty Rogue Special Mode None Game No. 6 Rogue 3 Adventurer 0 Explorer 3 Win Type - Total 0 Types 0/0/0/0/0/0/0/0/0/0 Lore% 4 Gallery% 12 Achievement% 16 Wizard Run 0 Options --------- Layout 1 ASCII 0 Keyboard 0 Movement Arrows Keybinds 0 Fullscreen 2 Font 32/SmallcapsGlow Map View 50x35 Zoom Use 0% Tactical HUD 1 Map Filters NONE Filters NONE Steam 1 RUN: 489d6295-5d03-4108-9a30-1f3bd13ffe25